 Dungeon Crawl Stone Soup version 0.21.1-1-g345015f (webtiles) character file.

321 sking99 the Chopper (level 6, -2/56 HPs)
             Began as a Hill Orc Fighter on June 28, 2018.
             Was a Follower of Zin.
             Slain by a killer bee (6 damage)
             ... on level 4 of the Dungeon.
             The game lasted 00:07:08 (3902 turns).

sking99 the Chopper (Hill Orc Fighter)              Turns: 3902, Time: 00:07:09

Health: -2/56      AC:  6    Str: 19    XL:     6   Next: 46%
Magic:  6/6        EV:  7    Int:  8    God:    Zin [*.....]
Gold:   102        SH: 10    Dex: 12    Spells: 5/5 levels left

rFire    x . .     SeeInvis .   a - +0 war axe
rCold    + . .     Gourm    .   c - +1 shield
rNeg     . . .     Faith    .   b - +0 scale mail
rPois    .         Spirit   .   (no helmet)
rElec    .         Reflect  .   (no cloak)
rCorr    .         Harm     .   (no gloves)
MR       .....                  (no boots)
Stlth    ..........             (no amulet)
HPRegen  0.18/turn              s - ring of ice
MPRegen  0.10/turn              (no ring)

@: lethally poisoned (-2 -> -4)
A: no striking features
a: Recite, Donate Gold, Renounce Religion, Convert to Beogh


You were on level 4 of the Dungeon.
You worshipped Zin.
Zin was aware of your devotion.
You were hungry.

You visited 1 branch of the dungeon, and saw 4 of its levels.

You collected 113 gold pieces.
You donated 11 gold pieces to Zin.

Inventory:

Hand Weapons
 a - a +0 war axe (weapon)
Armour
 b - a +0 scale mail (worn)
 c - a +1 shield (worn)
Jewellery
 s - a ring of ice (left hand)
Scrolls
 d - a scroll of teleportation
 e - a scroll of fear
Potions
 g - a potion of heal wounds {unknown}
 h - 2 potions of cancellation {unknown}
 j - 2 potions of lignification {unknown}
 k - 3 potions of haste
 m - 2 potions of mutation {unknown}
 p - a potion of flight {unknown}
Comestibles
 f - 4 rations


   Skills:
 + Level 5.5 Fighting
 * Level 7.3 Axes
 - Level 3.2 Armour
 - Level 3.2 Shields
 + Level 1.0 Invocations


You had 5 spell levels left.
You didn't know any spells.

Dungeon Overview and Level Annotations

Branches:
Dungeon (4/15)
 Temple: D:4-7

Altars:
Fedhas
Sif Muna
Wu Jian
Yredelemnul
Zin

Annotations:
D:4 Robin; emiel's ghost, amateur FoNe


Message History

An orc priest comes into view. "...unclean and knew Zin's wrath would come for them."
You finish reciting Abominations 3:18.
The orc priest shouts, "Join the one true god or die!" (press Y on the ability menu to convert to Beogh)
The orc priest shouts!
You hear an angry buzzing noise.
You block the ogre's attack.
A killer bee comes into view.
An orc comes into view. It is wielding a war axe.
The orc shouts!
You block the killer bee's attack.
A killer bee comes into view.
The killer bee stings you.
* * * LOW HITPOINT WARNING * * *
You are poisoned.
The killer bee poisons you!
You feel sick.
The killer bee buzzes angrily.
You hear a shout!
The goblin is lost in a daze.
The killer bee stings you.
You die...

#..... #..... ####.....
##.....<.. #######
###########......... .......
............#÷.....
....$####.....######.).....
..........# ####.#÷.... #..#
#.@.# ###....#.....
..####.###.yy###......#####.
.......)<.).o.O.#....#### #.
.o.#...##....._.........# #.
#...........yg........# #.
#.o....oo.8...yy....>...###
#.....o.................# #
............._....g......# #
..........._.............#..


You could see an ogre, 5 killer bees, an orc priest, 3 orcs, a hobgoblin and a
goblin (dazed).

Vanquished Creatures
  A crimson imp (D:3)
  A hound (D:4)
  An orc wizard (D:3)
  4 gnolls (D:3)
  8 adders
  2 oozes
  2 worms (D:2)
  4 dart slugs
  4 leopard geckos
  7 orcs
  4 giant cockroaches
  16 goblins
  9 hobgoblins
  4 jackals (D:3)
  5 kobolds
  3 quokkas
  6 bats (D:2)
  6 frilled lizards
  A rat (D:1)
88 creatures vanquished.

Notes
Turn   | Place    | Note
-------+----------+-------------------------------------------
     0 | D:1      | sking99 the Hill Orc Fighter began the quest for the Orb.
     0 | D:1      | Reached XP level 1. HP: 19/19 MP: 1/1
    35 | D:1      | Reached skill level 3 in Axes
    91 | D:1      | Reached XP level 2. HP: 22/27 MP: 2/2
   482 | D:1      | Reached skill level 4 in Axes
   508 | D:1      | Reached XP level 3. HP: 33/33 MP: 3/3
  1033 | D:2      | Reached XP level 4. HP: 41/41 MP: 4/4
  1096 | D:2      | Reached skill level 5 in Axes
  1974 | D:3      | Reached XP level 5. HP: 44/47 MP: 5/5
  2000 | D:3      | Reached skill level 6 in Axes
  2001 | D:3      | Reached skill level 5 in Fighting
  2675 | D:3      | Reached XP level 6. HP: 10/56 MP: 6/6
  3134 | D:4      | Found a glowing silver altar of Zin.
  3134 | D:4      | Found a deep blue altar of Sif Muna.
  3134 | D:4      | Found a basalt altar of Yredelemnul.
  3134 | D:4      | Found an ornate altar of the Wu Jian Council.
  3134 | D:4      | Found a blossoming altar of Fedhas.
  3215 | D:4      | Became a worshipper of Zin the Law-Giver
  3216 | D:4      | Noticed Robin
  3220 | D:4      | Reached skill level 7 in Axes
  3228 | D:4      | Noticed emiel's ghost (amateur FoNe)
  3763 | D:4      | Reached skill level 1 in Invocations
  3852 | D:4      | Reached * piety under Zin
  3902 | D:4      | Slain by a killer bee

Skill      XL: |  1  2  3  4  5  6 |
---------------+-------------------+-----
Axes           | 3 4 5 6 7 |  7.3
Fighting       | 4 5 |  5.5
Invocations    | 1 |  1.0
Armour         | |  3.2
Shields        | |  3.2

Action                   |  1- 3 |  4- 6 || total
-------------------------+-------+-------++-------
Melee: War axe           |   116 |   190 ||   306
Invok: Recite            |       |     1 ||     1
  Use: Scroll            |       |     9 ||     9
       Potion            |       |     1 ||     1
  Eat: Chunk             |     1 |     5 ||     6
       Ration            |       |     1 ||     1
Armor: Scale mail        |    64 |    77 ||   141
Dodge: Dodged            |    36 |    55 ||    91
Block: Shield            |    52 |    87 ||   139
